 Dungeon Crawl Stone Soup version 0.16.1-28-gcc2312f (webtiles) character file.

345 sqallbeste the Conjurer (level 6, -2/32 HPs)
             Began as a Deep Elf Conjurer on May 29, 2015.
             Was an Initiate of Vehumet.
             Slain by namelastname112's ghost (8 damage)
             ... on level 4 of the Dungeon.
             The game lasted 00:26:59 (3911 turns).

sqallbeste the Conjurer (Deep Elf Conjurer)         Turns: 3911, Time: 00:27:00

Health: -2/32      AC:  7    Str:  5    XL:     6   Next: 32%
Magic:  5/22       EV: 13    Int: 22    God:    Vehumet [......]
Gold:   222        SH:  0    Dex: 21    Spells: 4 memorised, 7 levels left

rFire  . . .     SeeInvis .     h - +0 dagger
rCold  . . .     Clarity  .     a - +0 robe
rNeg   . . .     SustAb   .     (no shield)
rPois  .         Gourm    .     (no helmet)
rElec  .         Spirit   .     (no cloak)
rCorr  .         Warding  .     e - +1 pair of gloves
rMut   .         Stasis   .     (no boots)
MR     .....                    (no amulet)
Stlth  +++.......               f - +3 ring of protection
                                b - +4 ring of dexterity

@: not resistant to hostile enchantments, fairly stealthy
A: agile 1, screaming 1, forlorn
a: Renounce Religion


You were on level 4 of the Dungeon.
You worshipped Vehumet.
Vehumet was noncommittal.
You were not hungry.

You visited 1 branch of the dungeon, and saw 4 of its levels.
You also visited: Sewer.

You collected 222 gold pieces.

Inventory:

Hand weapons
 h - a +0 dagger (weapon)
Armour
 a - a +0 robe (worn)
 e - a +1 pair of gloves (worn)
Jewellery
 b - a +4 ring of dexterity (left hand)
 f - a +3 ring of protection (right hand)
 n - an uncursed ring of fire {unknown}
Magical devices
 d - a wand of random effects (7)
 k - a wand of lightning (3)
Scrolls
 j - a scroll of remove curse
 l - 3 scrolls of amnesia
 m - a scroll of magic mapping
 q - a scroll of identify
Potions
 p - a potion of might
Books
 c - a book of Conjurations

   Spells                             Type                      Level
   a - Magic Dart                     Conjuration                  1
   b - Searing Ray                    Conjuration                  2
   c - Dazzling Spray                 Conjuration/Hexes            3
   d - Fulminant Prism                Conjuration/Hexes            4
   e - Iskenderun's Mystic Blast      Conjuration                  4
   f - Iskenderun's Battlesphere      Conjuration/Charms           5
Comestibles
 g - 5 meat rations
 i - 3 bread rations
 o - a beef jerky


   Skills:
 - Level 2.4 Dodging
 + Level 4.3 Stealth
 * Level 6.1 Spellcasting
 * Level 6.3 Conjurations
 - Level 0.3 Hexes


You had 7 spell levels left.
You knew the following spells:

 Your Spells              Type           Power        Failure   Level  Hunger
a - Magic Dart            Conj           ####         1%          1    None
b - Searing Ray           Conj           ####..       1%          2    None
c - Dazzling Spray        Conj/Hex       ###.....     10%         3    #......
d - Iskenderun's Mystic   Conj           ####....     10%         4    ###....


Dungeon Overview and Level Annotations

Branches:
Dungeon (4/15)
 Temple: D:4-7

Altars:
Vehumet

Annotations:
D:4 namelastname112's ghost, experienced DrFi


Innate Abilities, Weirdness & Mutations

You are agile. (Dex +2)
You occasionally shout uncontrollably at your foes.
You have difficulty communicating with the divine.


Message History

Namelastname112's ghost barely misses you.
Casting: Magic Dart
Confirm with . or Enter, or press ? or * to list all spells.
Okay, then.
Casting: Magic Dart
Confirm with . or Enter, or press ? or * to list all spells.
Aiming: Magic Dart
Press: ? - help, Shift-Dir - straight line, f/p - namelastname112's ghost
Aim: namelastname112's ghost (moderately damaged)
The magic dart hits namelastname112's ghost.
Namelastname112's ghost is moderately damaged.
Namelastname112's ghost hits you.
* * * LOW HITPOINT WARNING * * *
Zapping:
d - a wand of random effects {zapped: 5} (will waste charges)
Press: ? - help, Shift-Dir - straight line, f/p - namelastname112's ghost
Aim: namelastname112's ghost (moderately damaged) Namelastname112's ghost seems to speed up.
Evoking this partially-identified wand wasted a few charges.
Namelastname112's ghost hits you!
You die...

####..###.#
#.... #..# #.#
....### #..#
#.# #.#.#. #..#
#.# # . #..#
#.# ## #.<# #.#
#.####.#
#.....W#######.
#####.@........
#.######### ...
#.## #. #


You could see namelastname112's ghost.

Vanquished Creatures
  A crocodile (Sewer)
  A hound (D:3)
  Natasha (D:4)
  4 adders
  6 worms (D:2)
  6 giant mites
  11 giant geckos
  2 oozes (D:1)
  3 orcs (D:3)
  6 giant cockroaches
  8 goblins
  11 hobgoblins
  8 jackals
  3 quokkas
  A ball python (D:2)
  6 bats
  4 giant newts
  12 kobolds
  3 rats
97 creatures vanquished.

Notes
Turn   | Place    | Note
--------------------------------------------------------------
     0 | D:1      | sqallbeste, the Deep Elf Conjurer, began the quest for the Orb.
     0 | D:1      | Reached XP level 1. HP: 10/10 MP: 5/5
    38 | D:2      | Reached XP level 2. HP: 15/15 MP: 1/8
   118 | D:2      | Reached skill level 5 in Conjurations
   340 | D:2      | Reached XP level 3. HP: 19/19 MP: 8/11
   345 | D:2      | Learned a level 2 spell: Searing Ray
   349 | D:2      | Learned a level 3 spell: Dazzling Spray
  1228 | D:1      | Reached XP level 4. HP: 16/24 MP: 8/14
  1239 | D:1      | Learned a level 4 spell: Iskenderun's Mystic Blast
  2694 | D:3      | Found a radiant altar of Vehumet.
  2715 | D:3      | Became a worshipper of Vehumet
  2773 | D:3      | Reached XP level 5. HP: 28/28 MP: 10/18
  2902 | D:3      | Reached skill level 5 in Spellcasting
  2908 | D:3      | Gained mutation: You occasionally shout uncontrollably at your foes. [potion of mutation]
  2908 | D:3      | Gained mutation: You are agile. (Dex +2) [potion of mutation]
  2908 | D:3      | Gained mutation: You have difficulty communicating with the divine. [potion of mutation]
  2944 | D:3      | Found a glowing drain.
  2994 | Sewer    | Entered a sewer
  3066 | Sewer    | Reached skill level 6 in Conjurations
  3066 | Sewer    | Reached XP level 6. HP: 18/32 MP: 9/21
  3897 | D:4      | Noticed Natasha
  3898 | D:4      | Noticed namelastname112's ghost (experienced DrFi)
  3901 | D:4      | Killed Natasha
  3911 | D:4      | Slain by namelastname112's ghost

Action                   |  1- 3 |  4- 6 || total
-------------------------+-------+-------++-------
Melee: Dagger            |     5 |     3 ||     8
       Unarmed           |     3 |       ||     3
 Cast: Magic Dart        |    86 |   160 ||   246
       Dazzling Spray    |     1 |     2 ||     3
       Searing Ray       |       |     2 ||     2
       Iskenderun's Myst |       |     3 ||     3
Evoke: Wand              |       |     3 ||     3
  Use: Scroll            |     2 |     6 ||     8
       Potion            |     1 |     6 ||     7
 Stab: Sleeping          |       |     1 ||     1
  Eat: Bread ration      |     1 |       ||     1
       Pizza             |       |     1 ||     1
       Meat ration       |       |     1 ||     1
